 Dungeon Crawl Stone Soup version 0.31-a0-240-gb923e448b6 (webtiles) character file.

Game seed: 919529985367562553

21960 Nattfarinn the Victor of a Thousand Battles (level 12, -3/75 HPs)
             Began as a Vine Stalker Shapeshifter on July 12, 2023.
             Was the Champion of Okawaru.
             Slain by a catoblepas (6 damage)
             ... while petrified by a catoblepas
             ... on level 3 of the Lair of Beasts.
             The game lasted 00:20:50 (11444 turns).

Nattfarinn the Victor of a Thousand Battles (VSSh) Turns: 11444, Time: 00:20:51

Health: -3/75      AC:  9    Str: 27    XL:     12   Next: 95%
Magic:  0/22       EV:  1    Int:  8    God:    Okawaru [******]
Gold:   624        SH:  0    Dex: 16    Spells: 11/11 levels left

rFire   . .          .
                       - Unarmed
rCold   . . .        (shield currently unavailable)
rNeg    + + +        a - melded +0 animal skin
rPois   ∞            (helmet currently unavailable)
rElec   .            (cloak currently unavailable)
rCorr   .            (gloves currently unavailable)
SInv    .            (boots currently unavailable)
Will    +....        r - amulet of regeneration
Stlth   +++          t - +5 ring of evasion
HPRegen 1.92/turn    w - +4 ring of slaying
MPRegen 0.18/turn

%: guardian spirit
@: snake-form, petrified, heroic
A: constrict, amphibious, boosted hp, large, (fangs 3), regeneration 1, magic
shield, (antimagic bite), no potion heal 2
a: Renounce Religion, Heroism, Finesse, Duel


You were on level 3 of the Lair of Beasts.
You worshipped Okawaru.
Okawaru was exalted by your worship.
You were an enormous anaconda.
You visited 3 branches of the dungeon, and saw 14 of its levels.
You also visited: Ossuary and Bailey.

You collected 624 gold pieces.

Inventory:

Missiles
 s - 2 throwing nets
Armour
 a - a +0 animal skin (melded)
 m - a +0 helmet
 C - a +0 pair of gloves
 D - the +2 scale mail "Vetorgh" {+Blink}
   (You found it on level 6 of the Dungeon)

   +Blink:    It lets you blink.
 E - a +1 cloak
 R - a +0 pair of boots
Jewellery
 r - an amulet of regeneration (around neck)
 t - a +5 ring of evasion (left hand)
 w - a +4 ring of slaying (right hand)
 G - a ring of wizardry
 K - a ring of protection from cold
 S - a +6 ring of intelligence
Talismans
 c - a beast talisman
 F - a dragon-blood talisman
 V - a serpent talisman
Wands
 l - a wand of light (21)
 u - a wand of flame (33)
 B - a wand of mindburst (12)
 H - a wand of paralysis (11)
 L - a wand of digging (1)
 W - a wand of roots (12)
Scrolls
 d - 2 scrolls of enchant armour {unknown}
 f - 8 scrolls of teleportation
 g - 2 scrolls of butterflies
 h - 2 scrolls of poison {unknown}
 i - 2 scrolls of brand weapon {unknown}
 j - 2 scrolls of revelation {unknown}
 p - 4 scrolls of torment
 x - 2 scrolls of fog
 y - 2 scrolls of vulnerability {unknown}
 A - 2 scrolls of enchant weapon {unknown}
 I - 3 scrolls of amnesia {unknown}
 J - 2 scrolls of fear
 U - a scroll of immolation {unknown}
Potions
 b - 2 potions of lignification
 e - 6 potions of might
 k - 3 potions of heal wounds {unknown}
 n - 4 potions of mutation {unknown}
 o - 2 potions of invisibility {unknown}
 q - 9 potions of curing
 v - 3 potions of attraction {unknown}
 z - 2 potions of magic {unknown}
 N - 2 potions of berserk rage {unknown}
 P - a potion of resistance {unknown}
 Q - 2 potions of brilliance {unknown}
Miscellaneous
 T - a lightning rod (4/4)


   Skills:
 - Level 7.9(12.9) Fighting
 - Level 1.5(6.5) Dodging
 - Level 12.0(17.0) Unarmed Combat
 - Level 12.4 Invocations
 + Level 8.8 Shapeshifting


You had 11 spell levels left.
You didn't know any spells.
Your spell library contained the following spells:

 Spells                   Type           Power      Damage    Failure   Level
 Magic Dart               Conj           0%         1d3       93%         1
 Blink                    Tloc           0%         N/A       97%         2
 Lesser Beckoning         Tloc           0%         N/A       97%         2
 Momentum Strike          Conj/Tloc      0%         3d8       97%         2
 Frozen Ramparts          Ice            0%         1d1       99%         3
 Mephitic Cloud           Conj/Pois/Air  0%         N/A       99%         3
 Petrify                  Tmut/Erth      0%         N/A       100%        4
 Metabolic Englaciation   Hex/Ice        0%         N/A       100%        5
 Call Imp                 Summ           Unusable   N/A       N/A         2

Dungeon Overview and Level Annotations

Branches:
Dungeon (10/15)            Temple (1/1) D:5            Lair (3/5) D:9
 Shoals (0/4) Lair:2          Orc (0/2) D:9         Ossuary (visited)
 Bailey (visited)
  Snake: Lair:2-3    Spider: Lair:2-3

Altars:
Ashenzari
Cheibriados
Dithmenos
Elyvilon
Fedhas
Gozag
Hepliaklqana
Kikubaaqudgha
Makhleb
Nemelex Xobeh
Okawaru
Qazlal
Ru
Sif Muna
Trog
Uskayaw
Vehumet
Wu Jian
Xom
Yredelemnul
Zin
The Shining One

Shops:
D:8 (   D:9 [

Annotations:
D:6 3 runed translucent doors, Olga's ghost, novice MeFi
D:8 3 runed translucent doors, Sensen's ghost, novice HOMo


Innate Abilities, Weirdness & Mutations

You are an enormous anaconda.
You have a powerful constriction melee attack.
You are amphibious.
Your maximum health is increased.
You are immune to poison.
Your spellcasting is less reliable in this form.
Your armour is entirely melded.
You are incapable of wielding weapons or throwing items.
((You have razor-sharp teeth.))
Your natural rate of healing is unusually fast.
When hurt, damage is shared between your health and your magic reserves.
((Your bite disrupts and absorbs the magic of your enemies.))
Potions cannot restore your health.


Message History

Your base attributes are Str 22, Int 8, Dex 16.
Unknown command.
You lash the catoblepas! You grab the catoblepas.
The catoblepas is lightly wounded.
You are engulfed in calcifying dust.
You constrict the catoblepas.
The wolf is engulfed in calcifying dust.
The catoblepas misses you.
You hit the catoblepas but do no damage.
The catoblepas is lightly wounded.
You are engulfed in calcifying dust.
You are slowing down.
You constrict the catoblepas.
The wolf is engulfed in calcifying dust.
The catoblepas breathes a plume of calcifying dust at you.
The blast of calcifying dust hits you but does no damage.
You hit the catoblepas.
The catoblepas is lightly wounded.
You are engulfed in calcifying dust.
Your limbs have turned to stone.
You constrict the catoblepas.
The wolf is engulfed in calcifying dust. x2
The catoblepas breathes a plume of calcifying dust at you.
The blast of calcifying dust hits you.
* * * LOW HITPOINT WARNING * * *
You have turned to stone.
You constrict the catoblepas!
The wolf is no longer petrified.
The catoblepas gores you!
* * * LOW HITPOINT WARNING * * *
You constrict the catoblepas.
The six-headed hydra stops moving altogether!
The catoblepas barely misses you.
You constrict the catoblepas! The catoblepas gores you!
* * * LOW HITPOINT WARNING * * *
You constrict the catoblepas!
The six-headed hydra seems to regain its courage.
The catoblepas breathes a plume of calcifying dust at you.
The blast of calcifying dust hits you.
* * * LOW HITPOINT WARNING * * *
You are engulfed in calcifying dust.
You constrict the catoblepas. The catoblepas gores you!
You die...

#.## #.#...##
#..##..##...#
#..###.##..##
#..###..#...# h
##.P.##.##...#
.h
##..P........##
..h
#.#..###P#..P#
.... ###..##
###..##
..P..##..#S##
..##
......†.†Y..#
...#
.P.......h.##
##..#
....D.##...[#
#... .P...#
.....# #..#
..P.. .........
....
........#..
.............#
# . P........P#


You could see a catoblepas, a six-headed hydra (petrified) and a wolf
(petrified, fleeing).

Vanquished Creatures
  2 vault guards (Bailey)
  2 boulder beetles
  Harold (Lair:2)
  A two-headed ogre (D:10)
  Joseph (Lair:1)
  A black mamba (Lair:1)
  2 cane toads
  An unseen horror (D:10)
  3 komodo dragons
  4 polar bears (Lair:1)
  Prince Ribbit (Bailey)
  7 blink frogs
  21 yaks
  2 wraiths (D:10)
  5 wyverns
  A basilisk (Lair:1)
  3 humans (Bailey)
  2 vampire mosquitoes (D:10)
  A steam dragon (Lair:3)
  An acid dragon (D:8)
  Edmund (D:5)
  8 water moccasins
  Duvessa (D:7)
  3 orc warriors
  2 ice beasts (D:8)
  6 black bears (Lair:1)
  2 sky beasts
  4 ogres
  16 wolves
  4 centaurs
  2 phantoms
  2 kobold brigands
  An elf zombie (Ossuary)
  20 bullfrogs
  4 scorpions
  19 wights
  7 killer bees (D:10)
  Dowan (D:7)
  3 howler monkeys (D:10)
  4 hounds
  2 human zombies (Ossuary)
  3 centaur zombies
  3 jellies
  5 orc priests
  Crazy Yiuf (D:7)
  Natasha (thrice) (D:4)
  3 iguanas
  4 orc wizards
  A sleepcap (D:5)
  A killer bee zombie (D:8)
  2 mummies (Ossuary)
  4 adders
  7 gnolls
  A shadow imp (D:7)
  4 white imps
  A worm (D:2)
  5 dart slugs
  24 orcs
  4 ball pythons
  5 endoplasms
  2 giant cockroaches
  5 goblins
  7 hobgoblins
  2 jackals (D:1)
  17 kobolds
  4 quokkas
  A bat (D:1)
  2 frilled lizards (D:1)
  4 goblin zombies (Ossuary)
  10 hobgoblin zombies (Ossuary)
  12 kobold zombies (Ossuary)
  6 orc zombies (Ossuary)
  4 rats
  2 rat zombies (D:4)
  A spectral hobgoblin (D:2)
334 creatures vanquished.

Vanquished Creatures (others)
  A water moccasin (Lair:3)
1 creature vanquished.

Grand Total: 335 creatures vanquished

Notes
Turn   | Place    | Note
-------+----------+-------------------------------------------
     0 | D:1      | Nattfarinn the Vine Stalker Shapeshifter began the quest
                  | for the Orb.
     0 | D:1      | Reached XP level 1. HP: 11/11 MP: 2/2
    49 | D:1      | Reached XP level 2. HP: 4/15 MP: 1/3
   617 | D:2      | Reached XP level 3. HP: 18/18 MP: 4/4
   710 | D:2      | Found a faded altar of an unknown god.
  1429 | D:3      | Gained mutation: Your natural rate of healing is unusually
                  | fast. [Vine Stalker growth]
  1429 | D:3      | Reached XP level 4. HP: 23/23 MP: 5/5
  1639 | D:3      | Reached XP level 5. HP: 27/27 MP: 6/6
  1845 | D:4      | Found Giedauggoz's Book Emporium.
  2064 | D:4      | Found a sand-covered staircase.
  2071 | Ossuary  | Entered an ossuary
  2203 | Ossuary  | Reached XP level 6. HP: 32/32 MP: 5/7
  2273 | Ossuary  | Reached skill level 5 in Unarmed Combat
  2381 | D:4      | Noticed Natasha
  2387 | D:4      | Killed Natasha
  2388 | D:4      | Reached XP level 7. HP: 34/36 MP: 6/8
  2495 | D:4      | Found a shimmering altar of Xom.
  2794 | D:4      | Found an iron altar of Okawaru.
  3175 | D:5      | Entered Level 5 of the Dungeon
  3368 | D:5      | Noticed Edmund
  3378 | D:5      | Killed Edmund
  3417 | D:5      | Found a staircase to the Ecumenical Temple.
  3445 | Temple   | Entered the Ecumenical Temple
  3771 | D:4      | Became a worshipper of Warmaster Okawaru
  3783 | D:4      | Noticed Natasha
  3787 | D:4      | Killed Natasha
  3833 | D:4      | Noticed Natasha
  3838 | D:4      | Killed Natasha
  3953 | D:5      | Gained mutation: You have razor-sharp teeth. [Vine Stalker
                  | growth]
  3953 | D:5      | Reached XP level 8. HP: 32/42 MP: 7/9
  4178 | D:5      | Reached * piety under Okawaru
  4179 | D:5      | Reached skill level 5 in Shapeshifting
  4618 | D:6      | Identified the +2 scale mail "Vetorgh" {+Blink}
  4788 | D:6      | Reached skill level 5 in Fighting
  4981 | D:6      | Found a runed translucent gate.
  4981 | D:6      | Found a runed translucent gate.
  4981 | D:6      | Found a runed translucent gate.
  4982 | D:6      | Noticed Olga's ghost (novice MeFi)
  5043 | D:7      | Noticed a wyvern
  5049 | D:7      | Killed a wyvern
  5049 | D:7      | Reached ** piety under Okawaru
  5050 | D:7      | Reached XP level 9. HP: 45/47 MP: 8/10
  5199 | D:7      | Found a hide-covered altar of Uskayaw.
  5200 | D:7      | Found a bloodstained altar of Trog.
  5675 | D:7      | Noticed Dowan
  5677 | D:7      | Noticed Duvessa
  5680 | D:7      | Killed Dowan
  5685 | D:7      | Killed Duvessa
  5864 | D:7      | Found a runed translucent door.
  5865 | D:7      | Noticed Crazy Yiuf
  6147 | D:7      | Killed Crazy Yiuf
  6459 | D:8      | Reached *** piety under Okawaru
  6540 | D:8      | Found Cuinurec's Weapon Emporium.
  6637 | D:8      | Found a hazy altar of Hepliaklqana.
  6683 | D:8      | Reached skill level 10 in Unarmed Combat
  6683 | D:8      | Reached XP level 10. HP: 53/53 MP: 11/11
  6902 | D:8      | Found a runed translucent gate.
  6902 | D:8      | Found a runed translucent gate.
  6902 | D:8      | Found a runed translucent gate.
  6902 | D:8      | Noticed Sensen's ghost (novice HOMo)
  6904 | D:8      | Found a basalt altar of Yredelemnul.
  6989 | D:8      | Reached **** piety under Okawaru
  7103 | D:9      | Found Deahyrghe's Antique Armour Emporium.
  7437 | D:9      | Found a staircase to the Lair.
  7547 | D:9      | Found a staircase to the Orcish Mines.
  7753 | D:10     | Entered Level 10 of the Dungeon
  7760 | D:10     | Found an opulent altar of Gozag.
  7843 | D:10     | Found a flagged portal.
  7852 | Bailey   | Entered a bailey
  7862 | Bailey   | Reached ***** piety under Okawaru
  7875 | Bailey   | Received a gift from Okawaru
  7917 | Bailey   | Reached XP level 11. HP: 27/59 MP: 9/12
  7954 | Bailey   | Noticed Prince Ribbit
  7954 | Bailey   | Noticed a vault guard
  7974 | Bailey   | Noticed a vault guard
  7987 | Bailey   | Killed a vault guard
  8023 | Bailey   | HP: 2/60 [vault guard/+0 broad axe (9)]
  8025 | Bailey   | Killed a vault guard
  8030 | Bailey   | Killed Prince Ribbit
  8173 | D:10     | Received a gift from Okawaru
  8365 | D:10     | Reached skill level 5 in Invocations
  8485 | D:10     | Noticed a two-headed ogre
  8492 | D:10     | Killed a two-headed ogre
  8656 | D:10     | Received a gift from Okawaru
  9105 | Lair:1   | Entered Level 1 of the Lair of Beasts
  9205 | Lair:1   | Received a gift from Okawaru
  9284 | Lair:1   | Noticed Joseph
  9315 | Lair:1   | Killed Joseph
  9503 | Lair:1   | Reached XP level 12. HP: 59/64 MP: 19/19
  9670 | Lair:1   | Reached skill level 10 in Invocations
 10570 | Lair:2   | Noticed Harold
 10574 | Lair:2   | Killed Harold
 10659 | Lair:2   | Found a staircase to the Shoals.
 10779 | Lair:2   | Noticed a boulder beetle
 10791 | Lair:2   | Killed a boulder beetle
 10892 | Lair:2   | Reached ****** piety under Okawaru
 11295 | Lair:3   | Noticed a boulder beetle
 11308 | Lair:3   | Killed a boulder beetle
 11421 | Lair:3   | Noticed a catoblepas
 11421 | Lair:3   | Noticed a six-headed hydra
 11442 | Lair:3   | HP: 1/75 [catoblepas (7)]
 11444 | Lair:3   | Slain by a catoblepas

Illustrated notes

Levels and vault maps discovered:
D:1:      dpeg_arrival_tiny_f, layout_basic,
          wander_ebering_terrifying_dragon_lair
D:2:      layout_basic, dreamdust_ecumenical_altar_drowned_temple
D:3:      layout_basic, guppyfry_early_lair_pool
D:4:      layout_layer_cave, okawaru_trees_1, mainiacjoe_overflow_alcove_2,
          serial_shops, nicolae_shop_advertising_works
          [nicolae_subvault_shop_adworks], enter_ossuary_4, uniq_natasha
D:5:      layout_layer_cave, minmay_temple_entry_wispy,
          chequers_decorated_corner, corexii_shack, serial_bayou_crossing,
          uniq_edmund
D:6:      layout_cave_pools, gammafunk_ghost_necromancy
D:7:      layout_basic, jmf_multi_god_temple, uniq_duvessa,
          uniq_crazy_yiuf_cottage
D:8:      layout_cave_pools, general_overflow_altar,
          nicolae_yredelemnul_ghost_church, serial_shops, shop,
          kennysheep_generic_room_4
D:9:      layout_rooms, dpeg_oklobed_lair, david_orc_3, serial_shops, shop,
          chequers_serial_rivers_room_b
D:10:     layout_gridville, grunt_gozag_breadcrumbs, enter_bailey_2
Temple:   regret_index_temple_generic_petals
Lair:1:   beast_lair_carwin_large_3, layout_cellular_growth,
          serial_bayou_shore_b, uniq_joseph
Lair:2:   layout_small_grid, shoals_dummy_entry, uniq_harold
Lair:3:   layout_loops_ring, nicolae_snake_entry_squirm, lemuel_fruit_tree

Skill      XL: |  1  2  3  4  5  6  7  8  9 10 11 12 |
---------------+-------------------------------------+-----
Fighting       | 2 3 4 5 6 7 |  7.9
Unarmed Combat | 3 4 5 6 8 10 11 12 | 12.0
Shapeshifting  | 4 5 6 7 8 |  8.8
Invocations    | 8 12 | 12.4
Dodging        | |  1.5

Action                     |  1- 3 |  4- 6 |  7- 9 | 10-12 || total
---------------------------+-------+-------+-------+-------++-------
  Melee: Unarmed           |    69 |   132 |   182 |   401 ||   784
         Bite              |    19 |    45 |    64 |    93 ||   221
         Punch             |     2 |     7 |     9 |    28 ||    46
         Constrict         |       |       |       |    42 ||    42
 Invoke: Heroism           |       |       |       |     3 ||     3
  Evoke: Wand              |       |       |       |     2 ||     2
    Use: Scroll            |       |     2 |     5 |     4 ||    11
         Potion            |       |       |     1 |       ||     1
   Stab: Sleeping          |       |       |     3 |     3 ||     6
         Distracted        |       |       |     1 |     1 ||     2
         Petrifying        |       |       |       |     1 ||     1
 Armour: Animal skin       |     5 |    12 |    10 |    16 ||    43
         Skin              |       |       |     1 |    32 ||    33
  Dodge: Dodged            |    33 |    99 |   130 |   307 ||   569
   Form: Anaconda          |       |       |       |     1 ||     1

Table legend: (Time is in decaauts)
 A = Elapsed time spent in this place.
 B = Non-inter-level travel time spent in this place.
 C = Inter-level travel time spent in this place.
 D = Time resting spent in this place.
 E = Time spent auto-exploring this place.
 F = Levels seen in this place.
 G = Mean time per level.
                   A        B        C        D        E       F      G
               +--------+--------+--------+--------+--------+-----+--------+
         Total |  11352 |  10515 |    837 |    322 |   8272 |  16 |  709.5 |
       Dungeon |   8314 |   7571 |    743 |    236 |   6065 |  10 |  831.4 |
        Temple |    261 |    233 |     28 |      0 |    223 |   1 |  261.0 |
          Lair |   2236 |   2170 |     66 |     54 |   1755 |   3 |  745.3 |
       Ossuary |    271 |    271 |      0 |      5 |    102 |   1 |  271.0 |
        Bailey |    268 |    268 |      0 |     27 |    127 |   1 |  268.0 |
               +--------+--------+--------+--------+--------+-----+--------+

Top non-repeatable levels by time:
     D:4: 1297 daAuts
     D:7: 1282 daAuts
  Lair:1: 1135 daAuts
    D:10: 1048 daAuts
  Lair:2: 957 daAuts
     D:5: 948 daAuts
     D:9: 733 daAuts
     D:8: 681 daAuts
     D:2: 648 daAuts
     D:1: 597 daAuts
     D:6: 577 daAuts
     D:3: 499 daAuts
 Ossuary: 271 daAuts
  Bailey: 268 daAuts
  Temple: 261 daAuts
